 Dungeon Crawl Stone Soup version 0.18.1-50-g88ac8fd (webtiles) character file.

33 ubername the Grave Robber (level 3, -1/24 HPs)
             Began as a Human Necromancer on Apr 30, 2017.
             Slain by a gnoll
             ... wielding a +0 spear
              (3 damage)
             ... on level 2 of the Dungeon.
             The game lasted 00:04:04 (1004 turns).

ubername the Grave Robber (Human Necromancer)       Turns: 1004, Time: 00:04:04

Health: -1/24      AC:  2    Str:  9    XL:     3   Next: 47%
Magic:  6/6        EV: 12    Int: 15    God:
Gold:   37         SH:  0    Dex: 13    Spells: 2 memorised, 4 levels left

rFire  . . .     SeeInvis .     r - +1 dagger (pain)
rCold  . . .     Gourm    .     a - +0 robe
rNeg   . . .     Faith    .     (no shield)
rPois  .         Spirit   .     (no helmet)
rElec  .         Dismiss  .     (no cloak)
rCorr  .         Reflect  .     (no gloves)
SustAt .         Harm     .     (no boots)
MR     .....                    (no amulet)
Stlth  ++........               (no ring)
                                (no ring)

@: not resistant to hostile enchantments, unstealthy
A: no striking features
a: no special abilities


You were on level 2 of the Dungeon.
You were not hungry.

You visited 1 branch of the dungeon, and saw 2 of its levels.

You collected 37 gold pieces.

Inventory:

Hand Weapons
 r - a +1 dagger of pain (weapon)
Missiles
 d - 55 stones (quivered)
 o - 7 poisoned needles
Armour
 a - a +0 robe (worn)
 i - a +0 ring mail
 j - a +0 leather armour
 p - a +0 leather armour
Jewellery
 k - a cursed -3 ring of dexterity {unknown}
Scrolls
 e - 3 scrolls of fog {unknown}
 f - a scroll of remove curse {unknown}
Potions
 h - 2 potions of lignification {unknown}
 l - a potion of magic {unknown}
 n - a potion of resistance {unknown}
 q - a potion of flight {unknown}
Books
 b - a book of Necromancy

   Spells                             Type                      Level
   a - Pain                           Necromancy                   1
   b - Animate Skeleton               Necromancy                   1
   c - Vampiric Draining              Necromancy                   3
   d - Regeneration                   Charms/Necromancy            3
   e - Animate Dead                   Necromancy                   4
   f - Control Undead                 Necromancy                   4
Comestibles
 g - 2 beef jerkies


   Skills:
 + Level 2.3 Dodging
 + Level 2.2 Stealth
 + Level 2.1 Spellcasting
 + Level 4.6 Necromancy


You had 4 spell levels left.
You knew the following spells:

 Your Spells              Type           Power        Failure   Level  Hunger
a - Pain                  Necr           ###.         3%          1    #......
b - Animate Skeleton      Necr           N/A          3%          1    #......


Dungeon Overview and Level Annotations

Branches:
Dungeon (2/15)

Altars:


Message History

Found a hunting sling.
There is an open door here.
The bat closely misses you. The bat barely misses you.
The bat hits you but does no damage. The bat hits you but does no damage.
You open the door. The bat hits you.
* * * LOW HITPOINT WARNING * * *
The bat hits you.
* * * LOW HITPOINT WARNING * * *
The gnoll misses you. The bat hits you.
* * * LOW HITPOINT WARNING * * *
There is an open door here.
The bat hits you but does no damage. The bat closely misses you.
The bat closely misses you.
You open the door. The bat hits you.
* * * LOW HITPOINT WARNING * * *
The gnoll hits you from afar with a spear.
You die...

#.# #######.#
........######
##............<#
+..............#
#..............#
#.#......).....#
#.#............#
..#####@#............# .
..)..b..'............+ >
...####g#............#..
...##g###.###.######..
#.#..g.#.........##..
......#
#.#......#.###.###.#...
......# #.##.....#
#.###.#... ......#
#.##.....# #.#.......
......# #.##.#'###
#.#.#.....


You could see 3 gnolls and a bat.

Vanquished Creatures
  A gnoll (D:2)
  A dart slug (D:1)
  A giant gecko (D:1)
  2 bats
  2 giant cockroaches (D:1)
  3 goblins (D:1)
  A hobgoblin (D:1)
  A ball python (D:2)
  A giant newt (D:2)
  5 kobolds
  2 rats (D:2)
20 creatures vanquished.

Notes
Turn   | Place    | Note
--------------------------------------------------------------
     0 | D:1      | ubername the Human Necromancer began the quest for the Orb.
     0 | D:1      | Reached XP level 1. HP: 13/13 MP: 3/3
     6 | D:1      | Learned a level 1 spell: Animate Skeleton
   126 | D:1      | Reached XP level 2. HP: 16/19 MP: 1/5
   788 | D:2      | Reached XP level 3. HP: 24/24 MP: 6/6
   907 | D:2      | Found a faded altar to an unknown god.
  1004 | D:2      | Slain by a gnoll

Action                   || total
-------------------------++-------
Melee: Dagger            ||    29
 Cast: Pain              ||    21
       Animate Skeleton  ||     2
  Use: Scroll            ||     1
 Stab: Sleeping          ||     1
  Eat: Bread ration      ||     1
Armor: Robe              ||     6
Dodge: Dodged            ||    32
